Nordiques vs Maple Leafs
Created - April 30, 2017 at 01:22
Goals
|
| Nordiques |
1 |
1 |
2 |
0 |
1 |
4 |
| Maple Leafs |
1 |
0 |
3 |
0 |
2 |
5 |
|
Shots
|
| Nordiques |
15 |
11 |
8 |
2 |
3 |
36 |
| Maple Leafs |
10 |
11 |
11 |
1 |
3 |
33 |
|
1st period
1. Nordiques , Marek Svatos 35 (Chris Drury 55, R.J. Umberger 39) at 2:02 (PP)
2. Maple Leafs , Claude Giroux 59 (Evgeni Malkin 29) at 4:18
Penalties :
Braydon Coburn (Tor) for Interference (Minor) at 1:47, Evgeni Malkin (Tor) for Tripping (Minor) at 11:34, Mark Eaton (Que) for Roughing (Minor) at 18:45
2nd period
3. Nordiques , Vaclav Prospal 20 (Jean-Pierre Dumont 31, Matt Moulson 26) at 14:43 (PP)
Penalties :
Colby Armstrong (Tor) for Roughing (Minor) at 6:55, Justin Schultz (Tor) for Elbowing (Minor) at 10:44, Eric Nystrom (Tor) for Tripping (Minor) at 14:10
3rd period
4. Nordiques , Ryan Ellis 7 (Chris Drury 56, Marek Svatos 43) at 2:51 (PP)
5. Maple Leafs , Alexander Frolov 23 (Taylor Chorney 9, Evgeni Malkin 30) at 5:09
6. Maple Leafs , Fabian Brunnstrom 25 (Colby Armstrong 11, Tobias Enstrom 43) at 7:01
7. Nordiques , Vaclav Prospal 21 (Jean-Pierre Dumont 32, Matt Moulson 27) at 7:17
8. Maple Leafs , Eric Nystrom 12 (Jamie McBain 9, Michael Grabner 17) at 12:27
Penalties :
Ryan Craig (Tor) for Holding (Minor) at 1:09, Jean-Pierre Dumont (Que) for Hooking (Minor) at 10:10, Marc-Édouard Vlasic (Tor) for Hooking (Minor) at 12:37, Dustin Byfuglien (Que) for Interference (Minor) at 15:34, Evgeni Malkin (Tor) for Tripping (Minor) at 16:00
Overtime #1
No Goal
Penalties :
No Penalty
Shootout
Penalty Shot by R.J. Umberger for Nordiques - Stopped by Marc-André Fleury
Penalty Shot by Claude Giroux for Maple Leafs - Stopped by Martin Brodeur
Penalty Shot by Chris Drury for Nordiques - Shot Misses the Net
Penalty Shot by Evgeni Malkin for Maple Leafs - Goal!
Penalty Shot by Jean-Pierre Dumont for Nordiques - Goal!
Penalty Shot by Alexander Frolov for Maple Leafs - Goal!
Penalties :
No Penalty
Goalie Stats
Martin Brodeur (Que), 29 saves from 33 shots - (0.879), OTL, 28-15-8, 65:00 minutes
Marc-André Fleury (Tor), 32 saves from 36 shots - (0.889), W, 36-20-9, 65:00 minutes
Players Stats for Nordiques
Player Name G A P +/- PIM S H SB GA TA FO MP PP MP PK MP
------------------------------------------------------------------------------------
Chris Drury 0 2 2 -2 0 4 3 1 2 0 20/35 26:05 6:48 1:04
Dmitry Kulikov 0 0 0 1 0 0 3 0 0 1 0/0 22:22 3:55 0:00
Dustin Byfuglien 0 0 0 -4 2 1 1 3 0 1 0/0 30:19 6:57 1:28
Fedor Tyutin 0 0 0 -4 0 0 1 1 1 0 0/0 27:10 4:21 0:00
Jean-Pierre Dumont 0 2 2 1 2 2 0 1 0 0 0/0 17:30 3:55 0:00
Kyle Calder 0 0 0 -1 0 3 2 0 0 0 0/0 14:29 0:09 1:36
Marek Svatos 1 1 2 -2 0 5 1 0 0 0 1/4 24:11 6:22 2:41
Mark Eaton 0 0 0 0 2 1 3 0 0 0 0/0 12:24 0:26 1:45
Matt Moulson 0 2 2 1 0 1 2 0 0 0 0/1 15:27 3:55 0:07
Michael Ryder 0 0 0 -1 0 1 1 1 1 0 0/0 5:59 0:00 0:00
Nikita Kucherov 0 0 0 -1 0 4 1 0 0 0 0/0 10:26 0:09 0:00
Nikolai Kulemin 0 0 0 -1 0 0 0 0 0 0 0/0 5:59 0:00 0:00
Paul Gaustad 0 0 0 -1 0 1 3 0 1 0 6/12 14:46 0:09 2:40
R.J. Umberger 0 1 1 -2 0 5 0 0 0 1 2/4 24:55 6:48 0:00
Rich Peverley 0 0 0 -1 0 0 1 0 0 1 0/2 5:59 0:00 0:00
Ryan Ellis 1 0 1 1 0 3 1 2 0 0 0/0 25:12 6:31 2:08
T.J. Fast 0 0 0 0 0 1 1 2 0 0 0/0 13:37 0:00 3:27
Vaclav Prospal 2 0 2 1 0 4 1 0 0 1 8/20 17:10 3:55 0:40
Players Stats for Maple Leafs
Player Name G A P +/- PIM S H SB GA TA FO MP PP MP PK MP
------------------------------------------------------------------------------------
Alexander Frolov 1 0 1 1 0 3 2 0 0 0 1/2 24:05 2:29 4:30
Blake Comeau 0 0 0 0 0 0 2 0 0 0 0/1 8:29 0:00 1:46
Braydon Coburn 0 0 0 0 2 1 1 2 1 1 0/0 31:39 3:02 5:34
Claude Giroux 1 0 1 1 0 7 4 1 1 0 8/17 26:22 2:29 6:12
Colby Armstrong 0 1 1 1 2 2 2 0 0 0 0/0 14:38 1:55 0:00
Eric Nystrom 1 0 1 1 2 1 1 0 0 0 1/1 12:24 0:00 0:19
Evgeni Malkin 0 2 2 1 4 2 1 3 0 0 14/30 24:52 2:28 4:52
Fabian Brunnstrom 1 0 1 1 0 5 4 0 1 0 1/1 14:25 1:55 0:00
Jamie McBain 0 1 1 2 0 2 0 0 0 0 0/0 10:24 0:00 0:00
Jordan Staal 0 0 0 1 0 0 3 0 0 1 13/18 20:34 1:55 3:49
Justin Abdelkader 0 0 0 0 0 2 1 0 1 0 0/0 4:56 0:00 0:00
Justin Schultz 0 0 0 2 2 0 0 0 0 0 0/0 11:20 0:00 0:51
Marc-Édouard Vlasic 0 0 0 1 2 1 1 2 0 0 0/0 22:21 1:22 4:27
Michael Grabner 0 1 1 1 0 3 0 0 1 0 0/0 11:21 0:00 0:01
Ryan Craig 0 0 0 1 2 0 0 0 0 0 3/6 10:05 0:00 0:15
Taylor Chorney 0 1 1 1 0 3 2 2 0 1 0/0 23:36 1:22 5:41
Tobias Enstrom 0 1 1 0 0 1 1 0 0 2 0/0 31:00 3:02 5:11
Zac Dalpe 0 0 0 0 0 0 0 0 0 0 0/2 4:56 0:00 0:00
3 Stars
1 - Vaclav Prospal (Que)
2 - Claude Giroux (Tor)
3 - Fabian Brunnstrom (Tor)
Power Play
Nordiques - 3 on 8 Attempt(s) - 37.50%
Maple Leafs - 0 on 3 Attempt(s) - 0.00%
Penalty Kill
Nordiques - 3 on 3 Attempt(s) - 100.00%
- Score 0 goal in Penalty Kill
Maple Leafs - 5 on 8 Attempt(s) - 62.50%
- Score 0 goal in Penalty Kill
Team Stat
Nordiques - Hits : 25 - Faceoff Wins : 37 - Blocked Shots : 11 - Penalty Minutes : 6
Maple Leafs - Hits : 25 - Faceoff Wins : 41 - Blocked Shots : 10 - Penalty Minutes : 16
Official
Referees : O'Rourke Dan and Walsh Ian
Linesman : Lonnie Cameron and Michel Cormier
Game Notes
No Game Note
Finance
Level 1 -- Attendance: 5737 (95.62%) -- Ticket Income $487,645
Level 2 -- Attendance: 4907 (98.14%) -- Ticket Income $245,350
Level 3 -- Attendance: 1807 (90.35%) -- Ticket Income $56,017
Level 4 -- Attendance: 4000 (100.00%) -- Ticket Income $80,000
Luxury Box -- Attendance: 1000 (100.00%) -- Ticket Income $150,000
Game was played at the Maple Leafs Garden.
Total Attendance: 17451 (96.95%)
Total Ticket Income: $1,019,012
Other Income: $152,852
Total Income: $1,171,864
Nordiques
5 vs 5 Forward
Center Left Wing Right Wing Time % Phy DF OF
1 Chris Drury R.J. Umberger Marek Svatos 40 0 3 2
2 Vaclav Prospal Matt Moulson Jean-Pierre Dumont 30 0 3 2
3 Paul Gaustad Kyle Calder Nikita Kucherov 20 0 3 2
4 Rich Peverley Nikolai Kulemin Michael Ryder 10 0 3 2
5 vs 5 Defense
Defense Defense Time % Phy DF OF
1 Fedor Tyutin Dustin Byfuglien 40 0 5 0
2 Dmitry Kulikov Ryan Ellis 30 0 5 0
3 T.J. Fast Mark Eaton 20 0 5 0
4 Fedor Tyutin Dustin Byfuglien 10 0 5 0
PowerPlay Forward
Center Left Wing Right Wing Time % Phy DF OF
1 Chris Drury R.J. Umberger Marek Svatos 60 0 0 5
2 Vaclav Prospal Matt Moulson Jean-Pierre Dumont 40 0 0 5
PowerPlay Defense
Defense Defense Time % Phy DF OF
1 Dustin Byfuglien Ryan Ellis 60 0 2 3
2 Fedor Tyutin Dmitry Kulikov 40 0 2 3
Penalty Kill 4 Players Forward
Center Wing Time % Phy DF OF
1 Paul Gaustad Marek Svatos 60 0 4 1
2 Kyle Calder Vaclav Prospal 40 0 4 1
Penalty Kill 4 Players Defense
Defense Defense Time % Phy DF OF
1 T.J. Fast Mark Eaton 60 0 4 1
2 Dustin Byfuglien Ryan Ellis 40 0 4 1
Penalty Kill - 3 Players Forward
Forward Time % Phy DF OF
1 Paul Gaustad 60 0 5 0
2 Marek Svatos 40 0 5 0
Penalty Kill - 3 Players Defense
Defense Defense Time % Phy DF OF
1 T.J. Fast Mark Eaton 60 0 5 0
2 Dustin Byfuglien Dmitry Kulikov 40 0 5 0
4 vs 4 Forward
Center Wing Time % Phy DF OF
1 R.J. Umberger Chris Drury 60 0 1 4
2 Jean-Pierre Dumont Vaclav Prospal 40 0 1 4
4 vs 4 Defense
Defense Defense Time % Phy DF OF
1 Dustin Byfuglien Dmitry Kulikov 60 0 3 2
2 Fedor Tyutin Ryan Ellis 40 0 3 2
Last Minutes Offensive
Center Left Wing Right Wing Defense Defense
Chris Drury R.J. Umberger Jean-Pierre Dumont Dustin Byfuglien Fedor Tyutin
Last Minutes Defensive
Center Left Wing Right Wing Defense Defense
Paul Gaustad Kyle Calder Marek Svatos T.J. Fast Mark Eaton
Goaltenders
Starting : Martin Brodeur
Backup : Julien Ellis
Extra Forwards
Normal : Chris Drury, Jean-Pierre Dumont, R.J. Umberger - PP : Chris Drury, Jean-Pierre Dumont - PK : Marek Svatos
Extra Defensemen
Normal : Dmitry Kulikov, Ryan Ellis, Dustin Byfuglien - PP : Dmitry Kulikov - PK : Ryan Ellis, Dustin Byfuglien
Penalty Shots
R.J. Umberger, Chris Drury, Jean-Pierre Dumont, Vaclav Prospal, Marek Svatos
Scratches
Jarret Stoll (Healthy), Niklas Kronwall (Healthy), Pascal Dupuis (Healthy), Loïc Lacasse (Healthy)
Maple Leafs
5 vs 5 Forward
Center Left Wing Right Wing Time % Phy DF OF
1 Evgeni Malkin Alexander Frolov Claude Giroux 40 1 2 2
2 Jordan Staal Fabian Brunnstrom Colby Armstrong 30 1 2 2
3 Ryan Craig Eric Nystrom Michael Grabner 20 1 2 2
4 Zac Dalpe Justin Abdelkader Blake Comeau 10 1 2 2
5 vs 5 Defense
Defense Defense Time % Phy DF OF
1 Tobias Enstrom Braydon Coburn 40 1 2 2
2 Taylor Chorney Marc-Édouard Vlasic 30 1 2 2
3 Jamie McBain Justin Schultz 20 1 2 2
4 Tobias Enstrom Braydon Coburn 10 1 2 2
PowerPlay Forward
Center Left Wing Right Wing Time % Phy DF OF
1 Evgeni Malkin Alexander Frolov Claude Giroux 60 1 2 2
2 Jordan Staal Fabian Brunnstrom Colby Armstrong 40 1 2 2
PowerPlay Defense
Defense Defense Time % Phy DF OF
1 Tobias Enstrom Braydon Coburn 60 1 2 2
2 Taylor Chorney Marc-Édouard Vlasic 40 1 2 2
Penalty Kill 4 Players Forward
Center Wing Time % Phy DF OF
1 Claude Giroux Evgeni Malkin 60 1 2 2
2 Alexander Frolov Jordan Staal 40 1 2 2
Penalty Kill 4 Players Defense
Defense Defense Time % Phy DF OF
1 Tobias Enstrom Braydon Coburn 60 1 2 2
2 Taylor Chorney Marc-Édouard Vlasic 40 1 2 2
Penalty Kill - 3 Players Forward
Forward Time % Phy DF OF
1 Claude Giroux 60 1 2 2
2 Evgeni Malkin 40 1 2 2
Penalty Kill - 3 Players Defense
Defense Defense Time % Phy DF OF
1 Tobias Enstrom Braydon Coburn 60 1 2 2
2 Taylor Chorney Marc-Édouard Vlasic 40 1 2 2
4 vs 4 Forward
Center Wing Time % Phy DF OF
1 Claude Giroux Evgeni Malkin 60 1 2 2
2 Alexander Frolov Jordan Staal 40 1 2 2
4 vs 4 Defense
Defense Defense Time % Phy DF OF
1 Tobias Enstrom Braydon Coburn 60 1 2 2
2 Taylor Chorney Marc-Édouard Vlasic 40 1 2 2
Last Minutes Offensive
Center Left Wing Right Wing Defense Defense
Evgeni Malkin Alexander Frolov Claude Giroux Tobias Enstrom Braydon Coburn
Last Minutes Defensive
Center Left Wing Right Wing Defense Defense
Evgeni Malkin Alexander Frolov Claude Giroux Tobias Enstrom Braydon Coburn
Goaltenders
Starting : Marc-André Fleury
Backup : Alex Stalock
Extra Forwards
Normal : Michael Grabner, Eric Nystrom, Blake Comeau - PP : Michael Grabner, Eric Nystrom - PK : Blake Comeau
Extra Defensemen
Normal : Jamie McBain, Justin Schultz, Taylor Chorney - PP : Jamie McBain - PK : Justin Schultz, Taylor Chorney
Penalty Shots
Claude Giroux, Evgeni Malkin, Alexander Frolov, Jordan Staal, Fabian Brunnstrom
Scratches
Rob Schremp (Fractured Right Foot Injury)
% Time on Ice - Nordiques
Lines # - Real PCT - Wanted PCT - Time Play
Normal Forward
1 - 37% - 40% - 16:03
2 - 26% - 30% - 11:12
3 - 23% - 20% - 9:57
4 - 14% - 10% - 5:59
Normal Defense
1 - 42% - 40% - 18:04
2 - 32% - 30% - 13:56
3 - 21% - 20% - 9:12
4 - 5% - 10% - 1:59
PP Forward
1 - 64% - 60% - 6:57
2 - 36% - 40% - 3:55
PP Defense
1 - 64% - 60% - 6:57
2 - 36% - 40% - 3:55
PK Forward
1 - 85% - 60% - 3:44
2 - 15% - 40% - 0:40
PK Defense
1 - 85% - 60% - 3:44
2 - 15% - 40% - 0:40
PK3 Forward
1 - 0% - 60%
2 - 0% - 40%
PK3 Defense
1 - 0% - 60%
2 - 0% - 40%
44 Forward
1 - 79% - 60% - 5:10
2 - 21% - 40% - 1:23
44 Defense
1 - 67% - 60% - 4:25
2 - 33% - 40% - 2:08
Last Minute Offensive - 0:00
Last Minute Defensive - 0:00
Total
Forward - 65:00
Defense - 65:00
|
% Time on Ice - Maple Leafs
Lines # - Real PCT - Wanted PCT - Time Play
Normal Forward
1 - 36% - 40% - 15:38
2 - 30% - 30% - 12:53
3 - 23% - 20% - 9:44
4 - 11% - 10% - 4:56
Normal Defense
1 - 40% - 40% - 17:11
2 - 32% - 30% - 13:45
3 - 24% - 20% - 10:24
4 - 4% - 10% - 1:51
PP Forward
1 - 56% - 60% - 2:29
2 - 44% - 40% - 1:55
PP Defense
1 - 69% - 60% - 3:02
2 - 31% - 40% - 1:22
PK Forward
1 - 73% - 60% - 7:53
2 - 27% - 40% - 2:59
PK Defense
1 - 48% - 60% - 5:11
2 - 52% - 40% - 5:41
PK3 Forward
1 - 0% - 60%
2 - 0% - 40%
PK3 Defense
1 - 0% - 60%
2 - 0% - 40%
44 Forward
1 - 78% - 60% - 5:08
2 - 22% - 40% - 1:25
44 Defense
1 - 57% - 60% - 3:45
2 - 43% - 40% - 2:48
Last Minute Offensive - 0:00
Last Minute Defensive - 0:00
Total
Forward - 65:00
Defense - 65:00
|
Play by Play
1st period
0:01 of 1st period - Chris Drury wins face-off versus Evgeni Malkin in neutral zone.
0:26 of 1st period - Fedor Tyutin is hit by Fabian Brunnstrom.
0:34 of 1st period - Dmitry Kulikov is hit by Fabian Brunnstrom and loses puck.
0:51 of 1st period - Taylor Chorney is hit by Paul Gaustad and loses puck.
1:32 of 1st period - Slapshot by R.J. Umberger.
1:32 of 1st period - Shot Blocked by Claude Giroux.
1:38 of 1st period - Wrist shot by R.J. Umberger.
1:38 of 1st period - Shot Misses the Net.
1:40 of 1st period - Slapshot by Marek Svatos.
1:40 of 1st period - Shot Blocked by Evgeni Malkin.
1:42 of 1st period - Backhand shot by Dmitry Kulikov.
1:42 of 1st period - Deflect By Chris Drury.
1:42 of 1st period - Stopped by Marc-André Fleury with a rebound.
1:44 of 1st period - Snap shot by Ryan Ellis.
1:44 of 1st period - Deflect By R.J. Umberger.
1:44 of 1st period - Shot Misses the Net.
1:44 of 1st period - Puck is out of play.
1:45 of 1st period - Jordan Staal wins face-off versus Vaclav Prospal in Maple Leafs zone.
1:47 of 1st period - Minor Penalty to Braydon Coburn for Interference.
1:48 of 1st period - Claude Giroux wins face-off versus Marek Svatos in Maple Leafs zone.
1:56 of 1st period - Snap shot by R.J. Umberger.
1:56 of 1st period - Shot Misses the Net.
2:02 of 1st period - Wrist shot by Marek Svatos.
2:02 of 1st period - Goal by Marek Svatos - Nordiques : 1 - Maple Leafs : 0.
2:03 of 1st period - Jordan Staal wins face-off versus Marek Svatos in neutral zone.
2:40 of 1st period - Wrist shot by Vaclav Prospal.
2:40 of 1st period - Shot Misses the Net.
2:52 of 1st period - Braydon Coburn is hit by Paul Gaustad and loses puck.
3:34 of 1st period - Marek Svatos is hit by Colby Armstrong and loses puck.
3:57 of 1st period - Slapshot by Vaclav Prospal.
3:57 of 1st period - Stopped by Marc-André Fleury with a rebound.
3:59 of 1st period - Slapshot by Mark Eaton.
3:59 of 1st period - Stopped by Marc-André Fleury without a rebound.
4:00 of 1st period - Chris Drury wins face-off versus Evgeni Malkin in Maple Leafs zone.
4:05 of 1st period - Snap shot by Marek Svatos.
4:05 of 1st period - Shot Misses the Net.
4:07 of 1st period - Snap shot by Chris Drury.
4:07 of 1st period - Stopped by Marc-André Fleury without a rebound.
4:08 of 1st period - Evgeni Malkin wins face-off versus Chris Drury in Maple Leafs zone.
4:08 of 1st period - Evgeni Malkin is hit by Chris Drury.
4:18 of 1st period - Snap shot by Claude Giroux.
4:18 of 1st period - Goal by Claude Giroux - Nordiques : 1 - Maple Leafs : 1.
4:19 of 1st period - Vaclav Prospal wins face-off versus Ryan Craig in neutral zone.
5:17 of 1st period - Snap shot by Evgeni Malkin.
5:17 of 1st period - Deflect By Claude Giroux.
5:17 of 1st period - Shot Misses the Net.
5:17 of 1st period - Puck is out of play.
5:18 of 1st period - Paul Gaustad wins face-off versus Evgeni Malkin in Nordiques zone.
5:18 of 1st period - Paul Gaustad is hit by Claude Giroux.
5:53 of 1st period - Snap shot by Kyle Calder.
5:53 of 1st period - Deflect By Nikita Kucherov.
5:53 of 1st period - Stopped by Marc-André Fleury without a rebound.
5:54 of 1st period - Vaclav Prospal wins face-off versus Jordan Staal in Maple Leafs zone.
5:55 of 1st period - Snap shot by Jean-Pierre Dumont.
5:55 of 1st period - Stopped by Marc-André Fleury with a rebound.
5:57 of 1st period - Backhand shot by Vaclav Prospal.
5:57 of 1st period - Stopped by Marc-André Fleury without a rebound.
5:58 of 1st period - Jordan Staal wins face-off versus Vaclav Prospal in Maple Leafs zone.
6:13 of 1st period - Wrist shot by Fabian Brunnstrom.
6:13 of 1st period - Shot Blocked by Jean-Pierre Dumont.
6:31 of 1st period - Backhand shot by Claude Giroux.
6:31 of 1st period - Shot Misses the Net.
6:33 of 1st period - Slapshot by Braydon Coburn.
6:33 of 1st period - Stopped by Martin Brodeur with a rebound.
6:35 of 1st period - Snap shot by Claude Giroux.
6:35 of 1st period - Stopped by Martin Brodeur without a rebound.
6:36 of 1st period - Evgeni Malkin wins face-off versus Vaclav Prospal in Nordiques zone.
6:47 of 1st period - Snap shot by Claude Giroux.
6:47 of 1st period - Stopped by Martin Brodeur with a rebound.
7:03 of 1st period - Justin Schultz is hit by Ryan Ellis and loses puck.
7:26 of 1st period - Wrist shot by Nikita Kucherov.
7:26 of 1st period - Shot Blocked by Taylor Chorney.
7:29 of 1st period - Icing by Marc-Édouard Vlasic.
7:30 of 1st period - Jordan Staal wins face-off versus Vaclav Prospal in Maple Leafs zone.
7:35 of 1st period - Matt Moulson is hit by Fabian Brunnstrom and loses puck.
7:48 of 1st period - Snap shot by Fabian Brunnstrom.
7:48 of 1st period - Stopped by Martin Brodeur without a rebound.
7:49 of 1st period - Chris Drury wins face-off versus Evgeni Malkin in Nordiques zone.
7:56 of 1st period - Evgeni Malkin is hit by Marek Svatos and loses puck.
8:25 of 1st period - Off-side.
8:26 of 1st period - Ryan Craig wins face-off versus Vaclav Prospal in neutral zone.
8:50 of 1st period - Snap shot by Eric Nystrom.
8:50 of 1st period - Shot Misses the Net.
9:10 of 1st period - Wrist shot by Michael Grabner.
9:10 of 1st period - Stopped by Martin Brodeur without a rebound.
9:11 of 1st period - Chris Drury wins face-off versus Evgeni Malkin in Nordiques zone.
9:40 of 1st period - Slapshot by Dustin Byfuglien.
9:40 of 1st period - Stopped by Marc-André Fleury without a rebound.
9:41 of 1st period - Jordan Staal wins face-off versus Rich Peverley in Maple Leafs zone.
9:48 of 1st period - Wrist shot by Fabian Brunnstrom.
9:48 of 1st period - Stopped by Martin Brodeur without a rebound.
9:49 of 1st period - Chris Drury wins face-off versus Evgeni Malkin in Nordiques zone.
9:58 of 1st period - Dmitry Kulikov is hit by Alexander Frolov and loses puck.
10:06 of 1st period - Icing by R.J. Umberger.
10:07 of 1st period - Marek Svatos wins face-off versus Zac Dalpe in Nordiques zone.
10:23 of 1st period - Icing by Braydon Coburn.
10:24 of 1st period - Vaclav Prospal wins face-off versus Zac Dalpe in Maple Leafs zone.
10:53 of 1st period - Snap shot by Evgeni Malkin.
10:53 of 1st period - Deflect By Alexander Frolov.
10:53 of 1st period - Stopped by Martin Brodeur without a rebound.
10:54 of 1st period - Paul Gaustad wins face-off versus Evgeni Malkin in Nordiques zone.
10:59 of 1st period - Wrist shot by Nikita Kucherov.
10:59 of 1st period - Stopped by Marc-André Fleury without a rebound.
11:00 of 1st period - Paul Gaustad wins face-off versus Jordan Staal in Maple Leafs zone.
11:01 of 1st period - Wrist shot by Kyle Calder.
11:01 of 1st period - Shot Misses the Net.
11:29 of 1st period - Snap shot by R.J. Umberger.
11:29 of 1st period - Deflect By Marek Svatos.
11:29 of 1st period - Shot Misses the Net.
11:29 of 1st period - Puck is out of play.
11:30 of 1st period - Chris Drury wins face-off versus Evgeni Malkin in Maple Leafs zone.
11:34 of 1st period - Minor Penalty to Evgeni Malkin for Tripping.
11:35 of 1st period - Chris Drury wins face-off versus Claude Giroux in Maple Leafs zone.
11:35 of 1st period - Backhand shot by R.J. Umberger.
11:35 of 1st period - Shot Blocked by Braydon Coburn.
11:37 of 1st period - Wrist shot by Ryan Ellis.
11:37 of 1st period - Shot Misses the Net.
11:39 of 1st period - Snap shot by R.J. Umberger.
11:39 of 1st period - Stopped by Marc-André Fleury without a rebound.
11:40 of 1st period - Chris Drury wins face-off versus Claude Giroux in Maple Leafs zone.
11:51 of 1st period - Slapshot by Marek Svatos.
11:51 of 1st period - Stopped by Marc-André Fleury with a rebound.
11:53 of 1st period - Wrist shot by R.J. Umberger.
11:53 of 1st period - Stopped by Marc-André Fleury with a rebound.
13:34 of 1st period - Penalty to Evgeni Malkin is over, Evgeni Malkin is back on ice.
13:50 of 1st period - Taylor Chorney is hit by Mark Eaton and loses puck.
14:05 of 1st period - Fabian Brunnstrom is hit by Mark Eaton and loses puck.
14:14 of 1st period - Snap shot by Nikita Kucherov.
14:14 of 1st period - Shot Misses the Net.
14:20 of 1st period - Dmitry Kulikov is hit by Eric Nystrom and loses puck.
14:31 of 1st period - Evgeni Malkin is hit by Rich Peverley and loses puck.
15:08 of 1st period - Mark Eaton is hit by Colby Armstrong and loses puck.
17:00 of 1st period - Icing by Vaclav Prospal.
17:01 of 1st period - Jordan Staal wins face-off versus Vaclav Prospal in Nordiques zone.
17:04 of 1st period - Slapshot by Fabian Brunnstrom.
17:04 of 1st period - Stopped by Martin Brodeur with a rebound.
17:14 of 1st period - Off-side.
17:15 of 1st period - Evgeni Malkin wins face-off versus Chris Drury in neutral zone.
17:42 of 1st period - Eric Nystrom is hit by Dmitry Kulikov and loses puck.
17:50 of 1st period - Off-side.
17:51 of 1st period - Chris Drury wins face-off versus Jordan Staal in neutral zone.
18:26 of 1st period - Snap shot by Nikita Kucherov.
18:26 of 1st period - Stopped by Marc-André Fleury without a rebound.
18:27 of 1st period - Paul Gaustad wins face-off versus Claude Giroux in Maple Leafs zone.
18:45 of 1st period - Minor Penalty to Mark Eaton for Roughing.
18:46 of 1st period - Evgeni Malkin wins face-off versus Paul Gaustad in Nordiques zone.
18:46 of 1st period - Snap shot by Claude Giroux.
18:46 of 1st period - Stopped by Martin Brodeur with a rebound.
19:21 of 1st period - Slapshot by Tobias Enstrom.
19:21 of 1st period - Shot Blocked by Dustin Byfuglien.
19:49 of 1st period - Wrist shot by Chris Drury.
19:49 of 1st period - Stopped by Marc-André Fleury without a rebound.
19:50 of 1st period - Fabian Brunnstrom wins face-off versus Chris Drury in Maple Leafs zone.
Goals for this period are 1 for Nordiques vs 1 for Maple Leafs.
Shots for this period are 15 for Nordiques vs 10 for Maple Leafs.
2nd period
0:01 of 2nd period - Evgeni Malkin wins face-off versus Paul Gaustad in neutral zone.
0:04 of 2nd period - Paul Gaustad is hit by Claude Giroux and loses puck.
0:35 of 2nd period - Slapshot by Tobias Enstrom.
0:35 of 2nd period - Stopped by Martin Brodeur with a rebound.
0:37 of 2nd period - Slapshot by Colby Armstrong.
0:37 of 2nd period - Stopped by Martin Brodeur with a rebound.
0:45 of 2nd period - Penalty to Mark Eaton is over, Mark Eaton is back on ice.
1:03 of 2nd period - Snap shot by Ryan Ellis.
1:03 of 2nd period - Stopped by Marc-André Fleury with a rebound.
1:05 of 2nd period - Backhand shot by T.J. Fast.
1:05 of 2nd period - Deflect By Michael Ryder.
1:05 of 2nd period - Stopped by Marc-André Fleury without a rebound.
1:06 of 2nd period - Vaclav Prospal wins face-off versus Evgeni Malkin in Maple Leafs zone.
1:07 of 2nd period - Wrist shot by Matt Moulson.
1:07 of 2nd period - Shot Blocked by Marc-Édouard Vlasic.
1:36 of 2nd period - Fabian Brunnstrom is hit by Dmitry Kulikov.
1:54 of 2nd period - Eric Nystrom is hit by Paul Gaustad.
2:02 of 2nd period - Wrist shot by Ryan Craig.
2:02 of 2nd period - Shot Blocked by Ryan Ellis.
2:24 of 2nd period - Wrist shot by Matt Moulson.
2:24 of 2nd period - Stopped by Marc-André Fleury with a rebound.
2:26 of 2nd period - Slapshot by Dmitry Kulikov.
2:26 of 2nd period - Shot Blocked by Braydon Coburn.
2:40 of 2nd period - Wrist shot by Alexander Frolov.
2:40 of 2nd period - Stopped by Martin Brodeur with a rebound.
3:00 of 2nd period - Wrist shot by Chris Drury.
3:00 of 2nd period - Shot Blocked by Marc-Édouard Vlasic.
3:18 of 2nd period - Marc-Édouard Vlasic is hit by Nikita Kucherov and loses puck.
3:31 of 2nd period - Wrist shot by Kyle Calder.
3:31 of 2nd period - Stopped by Marc-André Fleury with a rebound.
4:01 of 2nd period - T.J. Fast is hit by Alexander Frolov and loses puck.
5:24 of 2nd period - Colby Armstrong is hit by Michael Ryder and loses puck.
5:53 of 2nd period - Snap shot by Nikita Kucherov.
5:53 of 2nd period - Stopped by Marc-André Fleury without a rebound.
5:54 of 2nd period - Evgeni Malkin wins face-off versus Paul Gaustad in Maple Leafs zone.
6:12 of 2nd period - Snap shot by Kyle Calder.
6:12 of 2nd period - Shot Misses the Net.
6:26 of 2nd period - Jamie McBain is hit by Kyle Calder and loses puck.
6:55 of 2nd period - Minor Penalty to Colby Armstrong for Roughing.
6:56 of 2nd period - Claude Giroux wins face-off versus Chris Drury in Maple Leafs zone.
7:08 of 2nd period - Snap shot by Evgeni Malkin.
7:08 of 2nd period - Stopped by Martin Brodeur with a rebound.
8:55 of 2nd period - Penalty to Colby Armstrong is over, Colby Armstrong is back on ice.
9:44 of 2nd period - Slapshot by Justin Abdelkader.
9:44 of 2nd period - Stopped by Martin Brodeur without a rebound.
9:45 of 2nd period - Chris Drury wins face-off versus Ryan Craig in Nordiques zone.
9:45 of 2nd period - Chris Drury is hit by Taylor Chorney.
9:52 of 2nd period - Dustin Byfuglien is hit by Marc-Édouard Vlasic and loses puck.
9:58 of 2nd period - Off-side.
9:59 of 2nd period - Vaclav Prospal wins face-off versus Evgeni Malkin in neutral zone.
10:29 of 2nd period - Wrist shot by Paul Gaustad.
10:29 of 2nd period - Deflect By Kyle Calder.
10:29 of 2nd period - Shot Misses the Net.
10:29 of 2nd period - Puck is out of play.
10:30 of 2nd period - Jordan Staal wins face-off versus Paul Gaustad in Maple Leafs zone.
10:44 of 2nd period - Minor Penalty to Justin Schultz for Elbowing.
10:45 of 2nd period - Claude Giroux wins face-off versus Chris Drury in Maple Leafs zone.
10:59 of 2nd period - Snap shot by Ryan Ellis.
10:59 of 2nd period - Shot Misses the Net.
11:01 of 2nd period - Snap shot by R.J. Umberger.
11:01 of 2nd period - Stopped by Marc-André Fleury with a rebound.
11:20 of 2nd period - Wrist shot by Jean-Pierre Dumont.
11:20 of 2nd period - Deflect By Vaclav Prospal.
11:20 of 2nd period - Shot Misses the Net.
11:20 of 2nd period - Puck is out of play.
11:21 of 2nd period - Alexander Frolov wins face-off versus Chris Drury in Maple Leafs zone.
11:35 of 2nd period - Slapshot by Taylor Chorney.
11:35 of 2nd period - Stopped by Martin Brodeur with a rebound.
11:37 of 2nd period - Snap shot by Marc-Édouard Vlasic.
11:37 of 2nd period - Stopped by Martin Brodeur without a rebound.
11:38 of 2nd period - Claude Giroux wins face-off versus Vaclav Prospal in Nordiques zone.
12:41 of 2nd period - Chris Drury is hit by Jordan Staal and loses puck.
12:44 of 2nd period - Penalty to Justin Schultz is over, Justin Schultz is back on ice.
13:17 of 2nd period - Nikolai Kulemin is hit by Justin Abdelkader and loses puck.
13:42 of 2nd period - Jean-Pierre Dumont is hit by Jordan Staal and loses puck.
13:59 of 2nd period - Wrist shot by Evgeni Malkin.
13:59 of 2nd period - Shot Misses the Net.
14:01 of 2nd period - Snap shot by Claude Giroux.
14:01 of 2nd period - Shot Blocked by Fedor Tyutin.
14:10 of 2nd period - Minor Penalty to Eric Nystrom for Tripping.
14:11 of 2nd period - Chris Drury wins face-off versus Claude Giroux in Maple Leafs zone.
14:13 of 2nd period - Snap shot by Chris Drury.
14:13 of 2nd period - Shot Blocked by Evgeni Malkin.
14:43 of 2nd period - Slapshot by Vaclav Prospal.
14:43 of 2nd period - Goal by Vaclav Prospal - Nordiques : 2 - Maple Leafs : 1.
14:44 of 2nd period - Chris Drury wins face-off versus Evgeni Malkin in neutral zone.
15:51 of 2nd period - Wrist shot by Blake Comeau.
15:51 of 2nd period - Shot Blocked by T.J. Fast.
15:57 of 2nd period - Wrist shot by Justin Abdelkader.
15:57 of 2nd period - Stopped by Martin Brodeur without a rebound.
15:58 of 2nd period - Evgeni Malkin wins face-off versus R.J. Umberger in Nordiques zone.
17:10 of 2nd period - Snap shot by Michael Grabner.
17:10 of 2nd period - Stopped by Martin Brodeur with a rebound.
17:14 of 2nd period - Slapshot by Jamie McBain.
17:14 of 2nd period - Stopped by Martin Brodeur with a rebound.
17:16 of 2nd period - Wrist shot by Michael Grabner.
17:16 of 2nd period - Shot Blocked by Dustin Byfuglien.
17:18 of 2nd period - Snap shot by Michael Grabner.
17:18 of 2nd period - Stopped by Martin Brodeur without a rebound.
17:19 of 2nd period - Evgeni Malkin wins face-off versus Chris Drury in Nordiques zone.
17:22 of 2nd period - Snap shot by Evgeni Malkin.
17:22 of 2nd period - Shot Misses the Net.
17:45 of 2nd period - Tobias Enstrom is hit by Matt Moulson.
18:33 of 2nd period - Ryan Ellis is hit by Evgeni Malkin and loses puck.
18:46 of 2nd period - Wrist shot by Chris Drury.
18:46 of 2nd period - Shot Misses the Net.
18:48 of 2nd period - Snap shot by R.J. Umberger.
18:48 of 2nd period - Stopped by Marc-André Fleury without a rebound.
18:49 of 2nd period - Chris Drury wins face-off versus Jordan Staal in Maple Leafs zone.
18:52 of 2nd period - Wrist shot by Marek Svatos.
18:52 of 2nd period - Stopped by Marc-André Fleury without a rebound.
18:53 of 2nd period - Chris Drury wins face-off versus Jordan Staal in Maple Leafs zone.
18:54 of 2nd period - Snap shot by Marek Svatos.
18:54 of 2nd period - Stopped by Marc-André Fleury with a rebound.
19:29 of 2nd period - Snap shot by Jean-Pierre Dumont.
19:29 of 2nd period - Stopped by Marc-André Fleury without a rebound.
19:30 of 2nd period - Jordan Staal wins face-off versus Chris Drury in Maple Leafs zone.
19:30 of 2nd period - Jordan Staal is hit by Mark Eaton.
Goals for this period are 1 for Nordiques vs 0 for Maple Leafs.
Shots for this period are 11 for Nordiques vs 11 for Maple Leafs.
3rd period
0:01 of 3rd period - Evgeni Malkin wins face-off versus Chris Drury in neutral zone.
0:42 of 3rd period - Matt Moulson is hit by Braydon Coburn and loses puck.
1:09 of 3rd period - Minor Penalty to Ryan Craig for Holding.
1:10 of 3rd period - Chris Drury wins face-off versus Claude Giroux in Maple Leafs zone.
1:21 of 3rd period - Tobias Enstrom is hit by Chris Drury and loses puck.
1:40 of 3rd period - Claude Giroux is hit by Vaclav Prospal and loses puck.
1:45 of 3rd period - Backhand shot by Matt Moulson.
1:45 of 3rd period - Deflect By Jean-Pierre Dumont.
1:45 of 3rd period - Shot Blocked by Evgeni Malkin.
1:45 of 3rd period - Puck is out of play.
1:46 of 3rd period - Chris Drury wins face-off versus Claude Giroux in Maple Leafs zone.
1:49 of 3rd period - Wrist shot by R.J. Umberger.
1:49 of 3rd period - Stopped by Marc-André Fleury without a rebound.
1:50 of 3rd period - Claude Giroux wins face-off versus Chris Drury in Maple Leafs zone.
2:09 of 3rd period - Marc-Édouard Vlasic is hit by Dustin Byfuglien and loses puck.
2:21 of 3rd period - Slapshot by Fedor Tyutin.
2:21 of 3rd period - Shot Misses the Net.
2:37 of 3rd period - Wrist shot by Marek Svatos.
2:37 of 3rd period - Stopped by Marc-André Fleury with a rebound.
2:39 of 3rd period - Wrist shot by Marek Svatos.
2:39 of 3rd period - Shot Misses the Net.
2:41 of 3rd period - Slapshot by Ryan Ellis.
2:41 of 3rd period - Shot Blocked by Taylor Chorney.
2:49 of 3rd period - Snap shot by Chris Drury.
2:49 of 3rd period - Shot Misses the Net.
2:51 of 3rd period - Backhand shot by Ryan Ellis.
2:51 of 3rd period - Goal by Ryan Ellis - Nordiques : 3 - Maple Leafs : 1.
2:52 of 3rd period - Vaclav Prospal wins face-off versus Ryan Craig in neutral zone.
3:17 of 3rd period - Nikita Kucherov is hit by Blake Comeau and loses puck.
3:38 of 3rd period - Wrist shot by Evgeni Malkin.
3:38 of 3rd period - Shot Misses the Net.
3:40 of 3rd period - Wrist shot by Alexander Frolov.
3:40 of 3rd period - Deflect By Claude Giroux.
3:40 of 3rd period - Shot Blocked by Michael Ryder.
3:40 of 3rd period - Puck is out of play.
3:41 of 3rd period - Evgeni Malkin wins face-off versus Rich Peverley in Nordiques zone.
3:42 of 3rd period - Snap shot by Claude Giroux.
3:42 of 3rd period - Deflect By Dmitry Kulikov.
3:42 of 3rd period - Stopped by Martin Brodeur without a rebound.
3:43 of 3rd period - Chris Drury wins face-off versus Evgeni Malkin in Nordiques zone.
3:43 of 3rd period - Chris Drury is hit by Claude Giroux.
4:10 of 3rd period - Snap shot by Claude Giroux.
4:10 of 3rd period - Stopped by Martin Brodeur without a rebound.
4:11 of 3rd period - Jordan Staal wins face-off versus Vaclav Prospal in Nordiques zone.
4:12 of 3rd period - Snap shot by Fabian Brunnstrom.
4:12 of 3rd period - Shot Blocked by Ryan Ellis.
5:03 of 3rd period - Wrist shot by Evgeni Malkin.
5:03 of 3rd period - Shot Misses the Net.
5:05 of 3rd period - Wrist shot by Evgeni Malkin.
5:05 of 3rd period - Shot Misses the Net.
5:07 of 3rd period - Slapshot by Taylor Chorney.
5:07 of 3rd period - Deflect By Fedor Tyutin.
5:07 of 3rd period - Stopped by Martin Brodeur with a rebound.
5:09 of 3rd period - Wrist shot by Alexander Frolov.
5:09 of 3rd period - Goal by Alexander Frolov - Nordiques : 3 - Maple Leafs : 2.
5:10 of 3rd period - Chris Drury wins face-off versus Alexander Frolov in neutral zone.
5:15 of 3rd period - Snap shot by Marek Svatos.
5:15 of 3rd period - Shot Misses the Net.
5:27 of 3rd period - Slapshot by Claude Giroux.
5:27 of 3rd period - Stopped by Martin Brodeur without a rebound.
5:28 of 3rd period - Jordan Staal wins face-off versus Vaclav Prospal in Nordiques zone.
5:39 of 3rd period - Dmitry Kulikov is hit by Tobias Enstrom and loses puck.
5:45 of 3rd period - Icing by Jean-Pierre Dumont.
5:46 of 3rd period - Vaclav Prospal wins face-off versus Evgeni Malkin in Nordiques zone.
6:15 of 3rd period - Off-side.
6:16 of 3rd period - Jordan Staal wins face-off versus Chris Drury in neutral zone.
6:19 of 3rd period - Chris Drury is hit by Taylor Chorney and loses puck.
6:42 of 3rd period - Fedor Tyutin is hit by Fabian Brunnstrom and loses puck.
6:55 of 3rd period - Snap shot by Fabian Brunnstrom.
6:55 of 3rd period - Stopped by Martin Brodeur with a rebound.
6:57 of 3rd period - Slapshot by Tobias Enstrom.
6:57 of 3rd period - Shot Misses the Net.
6:59 of 3rd period - Snap shot by Colby Armstrong.
6:59 of 3rd period - Stopped by Martin Brodeur with a rebound.
7:01 of 3rd period - Wrist shot by Fabian Brunnstrom.
7:01 of 3rd period - Goal by Fabian Brunnstrom - Nordiques : 3 - Maple Leafs : 3.
7:02 of 3rd period - Evgeni Malkin wins face-off versus Vaclav Prospal in neutral zone.
7:17 of 3rd period - Snap shot by Jean-Pierre Dumont.
7:17 of 3rd period - Deflect By Vaclav Prospal.
7:17 of 3rd period - Goal by Vaclav Prospal - Nordiques : 4 - Maple Leafs : 3.
7:18 of 3rd period - Evgeni Malkin wins face-off versus Chris Drury in neutral zone.
7:21 of 3rd period - Slapshot by Tobias Enstrom.
7:21 of 3rd period - Shot Blocked by Dustin Byfuglien.
7:26 of 3rd period - Off-side.
7:27 of 3rd period - R.J. Umberger wins face-off versus Evgeni Malkin in neutral zone.
7:49 of 3rd period - Off-side.
7:50 of 3rd period - Jordan Staal wins face-off versus Vaclav Prospal in neutral zone.
7:57 of 3rd period - Dmitry Kulikov is hit by Jordan Staal and loses puck.
9:09 of 3rd period - Off-side.
9:10 of 3rd period - Evgeni Malkin wins face-off versus Chris Drury in neutral zone.
9:22 of 3rd period - Off-side.
9:23 of 3rd period - Chris Drury wins face-off versus Evgeni Malkin in neutral zone.
10:10 of 3rd period - Minor Penalty to Jean-Pierre Dumont for Hooking.
10:11 of 3rd period - Evgeni Malkin wins face-off versus Paul Gaustad in Nordiques zone.
10:25 of 3rd period - Snap shot by Claude Giroux.
10:25 of 3rd period - Shot Misses the Net.
10:27 of 3rd period - Snap shot by Taylor Chorney.
10:27 of 3rd period - Stopped by Martin Brodeur with a rebound.
12:10 of 3rd period - Penalty to Jean-Pierre Dumont is over, Jean-Pierre Dumont is back on ice.
12:23 of 3rd period - Wrist shot by Michael Grabner.
12:23 of 3rd period - Shot Misses the Net.
12:25 of 3rd period - Slapshot by Jamie McBain.
12:25 of 3rd period - Stopped by Martin Brodeur with a rebound.
12:27 of 3rd period - Backhand shot by Eric Nystrom.
12:27 of 3rd period - Goal by Eric Nystrom - Nordiques : 4 - Maple Leafs : 4.
12:28 of 3rd period - Claude Giroux wins face-off versus Marek Svatos in neutral zone.
12:37 of 3rd period - Minor Penalty to Marc-Édouard Vlasic for Hooking.
12:38 of 3rd period - Chris Drury wins face-off versus Claude Giroux in Maple Leafs zone.
14:02 of 3rd period - Icing by Dustin Byfuglien.
14:03 of 3rd period - Vaclav Prospal wins face-off versus Blake Comeau in Nordiques zone.
14:22 of 3rd period - Claude Giroux is hit by Dmitry Kulikov and loses puck.
14:37 of 3rd period - Penalty to Marc-Édouard Vlasic is over, Marc-Édouard Vlasic is back on ice.
14:37 of 3rd period - Slapshot by Jordan Staal.
14:37 of 3rd period - Shot Misses the Net.
14:53 of 3rd period - Snap shot by Paul Gaustad.
14:53 of 3rd period - Deflect By Kyle Calder.
14:53 of 3rd period - Stopped by Marc-André Fleury without a rebound.
14:54 of 3rd period - Ryan Craig wins face-off versus Matt Moulson in Maple Leafs zone.
15:04 of 3rd period - Icing by T.J. Fast.
15:05 of 3rd period - Ryan Craig wins face-off versus Vaclav Prospal in Nordiques zone.
15:06 of 3rd period - Slapshot by Michael Grabner.
15:06 of 3rd period - Shot Misses the Net.
15:12 of 3rd period - Wrist shot by T.J. Fast.
15:12 of 3rd period - Stopped by Marc-André Fleury without a rebound.
15:13 of 3rd period - Eric Nystrom wins face-off versus Chris Drury in Maple Leafs zone.
15:34 of 3rd period - Minor Penalty to Dustin Byfuglien for Interference.
15:35 of 3rd period - Paul Gaustad wins face-off versus Evgeni Malkin in Nordiques zone.
16:00 of 3rd period - Minor Penalty to Evgeni Malkin for Tripping.
16:01 of 3rd period - Claude Giroux wins face-off versus Chris Drury in Maple Leafs zone.
16:16 of 3rd period - Slapshot by Ryan Ellis.
16:16 of 3rd period - Stopped by Marc-André Fleury with a rebound.
17:02 of 3rd period - Braydon Coburn is hit by Chris Drury and loses puck.
17:34 of 3rd period - Penalty to Dustin Byfuglien is over, Dustin Byfuglien is back on ice.
18:00 of 3rd period - Penalty to Evgeni Malkin is over, Evgeni Malkin is back on ice.
18:32 of 3rd period - Snap shot by Chris Drury.
18:32 of 3rd period - Shot Misses the Net.
18:34 of 3rd period - Slapshot by Chris Drury.
18:34 of 3rd period - Stopped by Marc-André Fleury without a rebound.
18:35 of 3rd period - Jordan Staal wins face-off versus Paul Gaustad in Maple Leafs zone.
19:21 of 3rd period - Tobias Enstrom is hit by T.J. Fast and loses puck.
19:46 of 3rd period - Claude Giroux is hit by Matt Moulson and loses puck.
19:59 of 3rd period - Snap shot by Claude Giroux.
19:59 of 3rd period - Shot Blocked by T.J. Fast.
Goals for this period are 2 for Nordiques vs 3 for Maple Leafs.
Shots for this period are 8 for Nordiques vs 11 for Maple Leafs.
Overtime #1
0:01 of 1st overtime period - Claude Giroux wins face-off versus R.J. Umberger in neutral zone.
0:13 of 1st overtime period - Slapshot by Claude Giroux.
0:13 of 1st overtime period - Shot Blocked by Chris Drury.
0:15 of 1st overtime period - Slapshot by Braydon Coburn.
0:15 of 1st overtime period - Shot Misses the Net.
0:17 of 1st overtime period - Slapshot by Evgeni Malkin.
0:17 of 1st overtime period - Stopped by Martin Brodeur without a rebound.
0:18 of 1st overtime period - R.J. Umberger wins face-off versus Claude Giroux in Nordiques zone.
0:47 of 1st overtime period - Dmitry Kulikov is hit by Claude Giroux and loses puck.
1:10 of 1st overtime period - Snap shot by Vaclav Prospal.
1:10 of 1st overtime period - Shot Misses the Net.
1:22 of 1st overtime period - Snap shot by Kyle Calder.
1:22 of 1st overtime period - Stopped by Marc-André Fleury with a rebound.
1:24 of 1st overtime period - Slapshot by Kyle Calder.
1:24 of 1st overtime period - Deflect By Paul Gaustad.
1:24 of 1st overtime period - Stopped by Marc-André Fleury without a rebound.
1:25 of 1st overtime period - Paul Gaustad wins face-off versus Claude Giroux in Maple Leafs zone.
2:46 of 1st overtime period - Tobias Enstrom is hit by Kyle Calder and loses puck.
4:04 of 1st overtime period - Braydon Coburn is hit by Fedor Tyutin and loses puck.
4:37 of 1st overtime period - Kyle Calder is hit by Blake Comeau and loses puck.
Goals for this period are 0 for Nordiques vs 0 for Maple Leafs.
Shots for this period are 2 for Nordiques vs 1 for Maple Leafs.
ShootOut
5:00 of 1st overtime period - Penalty Shot by R.J. Umberger for Nordiques.
5:00 of 1st overtime period - Snap shot by R.J. Umberger.
5:00 of 1st overtime period - Stopped by Marc-André Fleury.
5:00 of 1st overtime period - Penalty Shot by Claude Giroux for Maple Leafs.
5:00 of 1st overtime period - Deke by Claude Giroux.
5:00 of 1st overtime period - Stopped by Martin Brodeur.
5:00 of 1st overtime period - Penalty Shot by Chris Drury for Nordiques.
5:00 of 1st overtime period - Snap shot by Chris Drury.
5:00 of 1st overtime period - Shot Misses the Net.
5:00 of 1st overtime period - Penalty Shot by Evgeni Malkin for Maple Leafs.
5:00 of 1st overtime period - Wrist shot by Evgeni Malkin.
5:00 of 1st overtime period - Goal by Evgeni Malkin.
5:00 of 1st overtime period - Penalty Shot by Jean-Pierre Dumont for Nordiques.
5:00 of 1st overtime period - Deke by Jean-Pierre Dumont.
5:00 of 1st overtime period - Goal by Jean-Pierre Dumont.
5:00 of 1st overtime period - Penalty Shot by Alexander Frolov for Maple Leafs.
5:00 of 1st overtime period - Snap shot by Alexander Frolov.
5:00 of 1st overtime period - Goal by Alexander Frolov.
Back to the Top